 Dungeon Crawl Stone Soup version 0.23.1-37-gaa34b87 (webtiles) character file.

Game seed: 4901777213847279443

5454 vishdafish the Contemplative (level 10, -9/63 HPs)
             Began as an Octopode Fighter on Mar 21, 2019.
             Was a Priest of Cheibriados.
             Mangled by a three-headed hydra (12 damage)
             ... on level 9 of the Dungeon.
             The game lasted 00:14:10 (8901 turns).

vishdafish the Contemplative (Octopode Fighter)     Turns: 8901, Time: 00:14:10

Health: -9/63      AC:  3    Str: 25    XL:     10   Next: 68%
Magic:  26/26      EV: 13    Int: 18    God:    Cheibriados [***...]
Gold:   264        SH: 12    Dex: 20    Spells: 9/9 levels left

rFire    + . .     SeeInvis +     - Unarmed
rCold    . . .     Gourm    .   a - +1 shield
rNeg     . . .     Faith    .   (helmet restricted)
rPois    +         Spirit   .   (no amulet)
rElec    .         Reflect  .   A - ring of poison resistance
rCorr    +         Harm     .   (no ring)
MR       .....                  q - ring of resist corrosion
Stlth    +++.......             u - ring of protection from fire
HPRegen  0.20/turn              x - ring of see invisible
MPRegen  0.20/turn              g - ring of magical power
                                (no ring)
                                (no ring)

@: very slow
A: almost no armour, stealthy swim, amphibious, 8 rings, constrict 8, iridescent
scales 1, camouflage 1, dopey 1, gelatinous body 1
a: Bend Time, Temporal Distortion, Renounce Religion


You were on level 9 of the Dungeon.
You worshipped Cheibriados.
Cheibriados was most pleased with you.
You were not hungry.

You visited 1 branch of the dungeon, and saw 9 of its levels.

You collected 376 gold pieces.
You spent 112 gold pieces at shops.

Inventory:

Missiles
 d - 12 tomahawks (quivered)
 s - 2 throwing nets
 v - 7 javelins
Armour
 a - a +1 shield (worn)
Jewellery
 g - a ring of magical power (on tentacle)
 m - an uncursed ring of positive energy {unknown}
 q - a ring of resist corrosion (on tentacle)
 u - a ring of protection from fire (on tentacle)
 x - a ring of see invisible (on tentacle)
 A - a ring of poison resistance (left tentacle)
Wands
 i - a wand of flame (20)
 k - a wand of acid (6)
 o - a wand of paralysis (2)
Scrolls
 e - 2 scrolls of identify
 h - 5 scrolls of enchant weapon
 j - 3 scrolls of random uselessness
 w - a scroll of amnesia
 y - a scroll of magic mapping
 z - 3 scrolls of teleportation
 B - a scroll of immolation
 F - a scroll of remove curse
Potions
 b - 3 potions of might
 f - 2 potions of ambrosia
 l - 2 potions of heal wounds
 n - 2 potions of brilliance {unknown}
 p - 2 potions of degeneration {unknown}
 r - a potion of agility
 t - a potion of magic {unknown}
 C - a potion of invisibility
 D - 2 potions of curing
 E - a potion of haste {unknown}
Comestibles
 c - 15 rations
 G - 4 chunks of flesh


   Skills:
 - Level 3.0 Fighting
 - Level 6.1 Throwing
 - Level 3.0 Dodging
 - Level 5.5 Shields
 - Level 7.0 Unarmed Combat
 - Level 9.6 Invocations
 + Level 8.2 Evocations


You had 9 spell levels left.
You didn't know any spells.
Your spell library contained the following spells:

 Spells                   Type           Power        Failure   Level  Hunger
 Corona                   Hex            #......      58%         1    ##.....
 Slow                     Hex            #.......     73%         2    ###....
 Inner Flame              Hex/Fire       #.......     91%         3    ####...
 Portal Projectile        Hex/Tloc       #.....       91%         3    ####...
 Cause Fear               Hex            #.........   100%        4    #####..
 Leda's Liquefaction      Hex/Erth       #.........   100%        4    #####..


Dungeon Overview and Level Annotations

Branches:
Dungeon (9/15)             Temple (0/1) D:7             Orc (0/2) D:9
   Lair: D:8-11

Altars:
Cheibriados
Elyvilon
Fedhas
Gozag
Kikubaaqudgha
Okawaru
Qazlal
Uskayaw
Vehumet
Wu Jian
Xom
Yredelemnul
Zin

Shops:
D:4 =!

Annotations:
D:5 2 transporters, DungeonDestroyer's ghost, novice GnSk


Innate Abilities, Weirdness & Mutations

You cannot wear most types of armour.
You are very stealthy in the water. (Stealth+)
You are amphibious.
You can wear up to eight rings at the same time.
You can use your tentacles to constrict eight enemies at once.
Your skin changes colour to match your surroundings (Stealth+).
Your rubbery body absorbs attacks. (AC +1, EV +1)
You are partially covered in iridescent scales. (AC +2)
You are dopey. (Int -2)


Message History

The three-headed hydra bites you!
Evoke which item? (* to show all) (? for menu, Esc to quit)
Aiming: Corrosive Bolt
Press: ? - help, Shift-Dir - straight line, f/p - three-headed hydra
Aim: a three-headed hydra The bolt of acid hits the three-headed hydra!!
The three-headed hydra is splashed with acid.
The acid corrodes the three-headed hydra!
The three-headed hydra is heavily wounded.
You hear a shout!
The three-headed hydra bites you. The three-headed hydra bites you!
* * * LOW HITPOINT WARNING * * *
The three-headed hydra bites you.
* * * LOW HITPOINT WARNING * * *
You feel much better.
You block the three-headed hydra's attack.
The three-headed hydra bites you!
* * * LOW HITPOINT WARNING * * *
The three-headed hydra bites you!
You die...

###########
#.....>...#
..........##########
..........#PP≈P.+).#
..........#P≈)≈≈#.%#
..........#(†P÷P##K#
..........#((.).#..#
...........≈....D..#
..........#...P.@..#
..........#≈....'†.#
..........#.....#..#
........≈.##########
.......≈≈≈.
........≈..
.......... .........
..###...


You could see a three-headed hydra and a big kobold.

Vanquished Creatures
  Harold (D:7)
  2 two-headed ogres (D:8)
  Maurice (D:8)
  2 dream sheep (D:9)
  Sigmund (D:4)
  Eustachio (D:5)
  2 yaks (D:9)
  A water moccasin (D:8)
  2 ice beasts
  A sky beast (D:6)
  An ogre (D:8)
  2 centaurs
  A crocodile (D:7)
  3 big kobolds
  2 bullfrogs
  A scorpion (D:8)
  3 killer bees (D:9)
  3 electric eels (D:7)
  2 crimson imps
  2 hounds
  Crazy Yiuf (D:7)
  3 bullfrog skeletons
  A jelly (D:7)
  A quasit (D:7)
  2 orc priests
  A centaur skeleton (D:6)
  8 orc wizards
  An iguana (D:6)
  2 hound skeletons
  2 worker ant zombies (D:9)
  A gnoll (D:1)
  A howler monkey skeleton (D:6)
  8 adders
  A shadow imp (D:5)
  An adder zombie (D:7)
  A worm (D:3)
  2 dart slugs
  8 leopard geckos
  26 orcs
  2 giant cockroaches
  6 goblins
  8 hobgoblins
  7 quokkas
  6 bats
  3 frilled lizards (D:1)
  13 kobolds
  A leopard gecko skeleton (D:6)
  11 rats
162 creatures vanquished.

Notes
Turn   | Place    | Note
-------+----------+-------------------------------------------
     0 | D:1      | vishdafish the Octopode Fighter began the quest for the
                  | Orb.
     0 | D:1      | Reached XP level 1. HP: 16/16 MP: 1/1
   146 | D:1      | Reached XP level 2. HP: 21/21 MP: 2/2
   442 | D:1      | Reached XP level 3. HP: 24/26 MP: 3/3
  1461 | D:2      | Found a snail-covered altar of Cheibriados.
  1483 | D:2      | Became a worshipper of Cheibriados the Contemplative
  1637 | D:2      | Reached XP level 4. HP: 31/31 MP: 4/4
  1727 | D:2      | Found a faded altar of an unknown god.
  2106 | D:3      | Found an ancient bone altar of Kikubaaqudgha.
  2149 | D:3      | Found an iron altar of Okawaru.
  2751 | D:3      | Reached * piety under Cheibriados
  2941 | D:4      | Reached XP level 5. HP: 27/36 MP: 5/5
  2950 | D:4      | Found Siyros's Jewellery Boutique.
  2960 | D:4      | Found a radiant altar of Vehumet.
  3206 | D:4      | Noticed Sigmund
  3230 | D:4      | Killed Sigmund
  3230 | D:4      | Reached skill level 5 in Unarmed Combat
  3230 | D:4      | Reached XP level 6. HP: 14/42 MP: 6/6
  3490 | D:4      | Found an iron altar of Okawaru.
  3583 | D:4      | Found Genicy's Distillery.
  3591 | D:4      | Bought a potion of curing for 42 gold pieces
  3591 | D:4      | Bought a potion of heal wounds for 70 gold pieces
  3621 | D:4      | Found a glowing silver altar of Zin.
  4012 | D:5      | Entered Level 5 of the Dungeon
  4015 | D:5      | Found a transporter.
  4017 | D:5      | Found a transporter.
  4042 | D:5      | Found a basalt altar of Yredelemnul.
  4044 | D:5      | Noticed Eustachio
  4057 | D:5      | Killed Eustachio
  4057 | D:5      | Reached skill level 5 in Shields
  4057 | D:5      | Reached skill level 1 in Invocations
  4057 | D:5      | Reached XP level 7. HP: 10/46 MP: 7/7
  4308 | D:5      | Noticed DungeonDestroyer's ghost (novice GnSk)
  4731 | D:5      | Found a blossoming altar of Fedhas.
  4811 | D:6      | Reached skill level 2 in Invocations
  4921 | D:6      | Found a stormy altar of Qazlal.
  5001 | D:6      | Reached ** piety under Cheibriados
  5098 | D:6      | Reached XP level 8. HP: 48/52 MP: 9/9
  5228 | D:6      | Reached skill level 3 in Invocations
  5254 | D:6      | Reached skill level 4 in Invocations
  5549 | D:6      | Reached skill level 5 in Invocations
  5758 | D:7      | Found a staircase to the Ecumenical Temple.
  5916 | D:7      | Noticed Harold
  6091 | D:7      | Killed Harold
  6091 | D:7      | Reached skill level 9 in Invocations
  6091 | D:7      | Reached XP level 9. HP: 28/56 MP: 12/15
  6541 | D:7      | Found a white marble altar of Elyvilon.
  6843 | D:7      | Found a runed translucent door.
  6844 | D:7      | Noticed Crazy Yiuf
  7044 | D:7      | Killed Crazy Yiuf
  7044 | D:7      | Reached skill level 1 in Throwing
  7044 | D:7      | Reached skill level 1 in Evocations
  7106 | D:8      | Gained mutation: You occasionally shout uncontrollably at
                  | your foes. [potion of mutation]
  7106 | D:8      | Gained mutation: Your mind is acute. (Int +2) [potion of
                  | mutation]
  7107 | D:8      | Lost mutation: Your mind is acute. (Int +2) [potion of
                  | mutation]
  7107 | D:8      | Lost mutation: You occasionally shout uncontrollably at
                  | your foes. [potion of mutation]
  7107 | D:8      | Gained mutation: You are dopey. (Int -2) [potion of
                  | mutation]
  7107 | D:8      | Gained mutation: You are partially covered in iridescent
                  | scales. (AC +2) [potion of mutation]
  7162 | D:8      | Reached *** piety under Cheibriados
  7219 | D:8      | Noticed Maurice
  7244 | D:8      | Noticed a two-headed ogre
  7247 | D:8      | Paralysed by Maurice for 4 turns
  7589 | D:8      | Found an ornate altar of the Wu Jian Council.
  7589 | D:8      | Noticed a two-headed ogre
  7599 | D:8      | Killed a two-headed ogre
  7720 | D:8      | Killed Maurice
  7720 | D:8      | Reached skill level 5 in Throwing
  7720 | D:8      | Reached skill level 5 in Evocations
  7720 | D:8      | Reached XP level 10. HP: 63/63 MP: 17/17
  7999 | D:8      | Found a hide-covered altar of Uskayaw.
  8024 | D:8      | Killed a two-headed ogre
  8429 | D:9      | Found a staircase to the Orcish Mines.
  8454 | D:9      | Found an opulent altar of Gozag.
  8709 | D:9      | Found a shimmering altar of Xom.
  8896 | D:9      | Noticed a three-headed hydra
  8900 | D:9      | HP: 1/63 [three-headed hydra (5)]
  8901 | D:9      | Mangled by a three-headed hydra

Skill      XL: |  1  2  3  4  5  6  7  8  9 10 |
---------------+-------------------------------+-----
Unarmed Combat | 3 4 5 6 7 |  7.0
Shields        | 4 5 |  5.5
Invocations    | 1 2 9 |  9.6
Throwing       | 5 6 |  6.1
Evocations     | 5 8 |  8.2
Fighting       | |  3.0
Dodging        | |  3.0

Action                   |  1- 3 |  4- 6 |  7- 9 | 10-12 || total
-------------------------+-------+-------+-------+-------++-------
Melee: Unarmed           |    76 |    84 |   182 |    73 ||   415
       Constrict         |    21 |    24 |    41 |    12 ||    98
       Tentacles         |    13 |    18 |    55 |    21 ||   107
       Punch             |       |     6 |     9 |     2 ||    17
Throw: Tomahawk          |       |       |     3 |     3 ||     6
Invok: Bend Time         |       |       |     1 |       ||     1
Evoke: Wand              |       |     4 |     5 |     8 ||    17
  Use: Scroll            |     3 |     5 |     9 |       ||    17
       Potion            |       |     3 |     6 |     2 ||    11
 Stab: Sleeping          |     8 |     6 |    14 |     1 ||    29
       Distracted        |       |     1 |       |       ||     1
       Paralysed         |       |       |     5 |    16 ||    21
  Eat: Chunk             |     2 |     5 |     3 |     2 ||    12
       Ration            |       |     1 |       |       ||     1
Armor: Skin              |     6 |     4 |     4 |     4 ||    18
Dodge: Dodged            |    33 |    17 |    73 |    30 ||   153
Block: Shield            |    27 |    22 |    99 |    41 ||   189
